 Dungeon Crawl Stone Soup version 0.27.1-2-g3b301248ec (webtiles) character file.

Game seed: 13426739371327362535

37863 jlumianski the Severer (level 13, -23/121 HPs)
             Began as a Deep Dwarf Fighter on Sept 24, 2021.
             Was the Champion of Makhleb.
             Annihilated by a titanic slime creature (81 damage)
             ... on level 13 of the Dungeon on Sept 26, 2021.
             The game lasted 01:20:55 (13373 turns).

jlumianski the Severer (Deep Dwarf Fighter)        Turns: 13373, Time: 01:20:56

Health: -23/121    AC: 21    Str: 31    XL:     13   Next: 60%
Magic:  16/16      EV: 14    Int:  9    God:    Makhleb [******]
Gold:   950        SH: 14    Dex: 16    Spells: 12/12 levels left

rFire    + . .     SeeInvis .   S - +5 broad axe (vamp)
rCold    . . .     Faith    .   c - +0 kite shield
rNeg     . . .     Spirit   .   b - +0 scale mail
rPois    .         Reflect  .   B - +2 helmet of Fuocw {rElec rF+ Dex+4}
rElec    +         Harm     .   t - scarf {+Inv}
rCorr    .         Rampage  .   g - +4 pair of gloves of Curiosity {Will+}
Will     ++...                  (no boots)
Stlth    +.........             (no amulet)
HPRegen  0.00/turn              q - +4 ring of protection
MPRegen  0.15/turn              M - +6 ring of strength

@: no status effects
A: damage resistance, heal wounds, sense surroundings 2, no regeneration
a: Heal Wounds, Renounce Religion, Evoke Invisibility, Minor Destruction, Lesser
Servant of Makhleb, Major Destruction, Greater Servant of Makhleb


You were on level 13 of the Dungeon.
You worshipped Makhleb.
Makhleb was exalted by your worship.
You visited 1 branch of the dungeon, and saw 14 of its levels.
You also visited: Sewer, Ossuary and Bailey.

You collected 950 gold pieces.

Inventory:

Hand Weapons
 p - a +8 quick blade of draining
 s - a +0 hand axe of flaming
 S - a +5 vampiric broad axe (weapon)
Missiles
 v - 67 poisoned darts
 w - 40 boomerangs (quivered)
 A - 4 silver javelins
 P - a throwing net
Armour
 b - a +0 scale mail (worn)
 c - a +0 kite shield (worn)
 g - the +4 pair of gloves of Curiosity (worn) {Will+}
   (You acquired it in a bailey)

   Will:      It increases your willpower.
 h - a +0 pair of boots
 t - a scarf of invisibility (worn)
 B - the +2 helmet of Fuocw (worn) {rElec rF+ Dex+4}
   (You found it on level 4 of the Dungeon)

   Dex:       It affects your dexterity (+4).
   rF:        It protects you from fire.
   rElec:     It insulates you from electricity.
Jewellery
 a - a ring of flight
 k - a ring of poison resistance
 l - a ring of magical power
 n - a +6 ring of intelligence
 q - a +4 ring of protection (left hand)
 x - a ring of positive energy
 C - a +4 ring of evasion
 J - a +4 ring of evasion
 M - a +6 ring of strength (right hand)
 Q - a ring of positive energy
 X - a ring of protection from cold
 Z - a ring of resist corrosion
Wands
 u - a wand of mindburst (19)
 y - a wand of digging (8)
 H - a wand of flame (23)
 R - a wand of paralysis (29)
 U - a wand of acid (6)
Scrolls
 f - 3 scrolls of summoning
 i - 9 scrolls of identify
 j - 6 scrolls of teleportation
 o - 2 scrolls of fog
 F - a scroll of vulnerability
 G - a scroll of magic mapping
 W - 5 scrolls of fear
Potions
 d - 2 potions of might
 e - 4 potions of ambrosia
 m - 9 potions of curing
 r - 9 potions of flight
 z - a potion of berserk rage
 D - 3 potions of haste
 E - 2 potions of cancellation
 I - a potion of brilliance
 V - 3 potions of heal wounds


   Skills:
 + Level 9.1 Fighting
 + Level 0.5 Short Blades
 + Level 15.0 Axes
 + Level 1.4 Throwing
 + Level 9.7 Armour
 + Level 8.0 Dodging
 + Level 3.4 Stealth
 + Level 11.0 Shields
 * Level 9.4 Invocations
 + Level 1.0 Evocations


You had 12 spell levels left.
You didn't know any spells.
Your spell library contained the following spells:

 Spells                   Type           Power      Damage    Failure   Level
 Animate Skeleton         Necr           0%         N/A       77%         1
 Apportation              Tloc           0%         N/A       77%         1
 Corona                   Hex            0%         N/A       77%         1
 Foxfire                  Conj/Fire      0%         2x1d4     77%         1
 Magic Dart               Conj           0%         1d3       77%         1
 Summon Small Mammal      Summ           0%         N/A       77%         1
 Call Imp                 Summ           0%         N/A       88%         2
 Sublimation of Blood     Necr           0%         N/A       88%         2
 Conjure Flame            Conj/Fire      0%         6-21      98%         3
 Inner Flame              Hex/Fire       0%         N/A       98%         3
 Mephitic Cloud           Conj/Pois/Air  0%         N/A       98%         3
 Tukima's Dance           Hex            0%         N/A       98%         3
 Cause Fear               Hex            0%         N/A       100%        4
 Passage of Golubria      Tloc           N/A        N/A       100%        4
 Petrify                  Tmut/Erth      0%         N/A       100%        4
 Summon Ice Beast         Ice/Summ       0%         N/A       100%        4
 Summon Lightning Spire   Summ/Air       0%         N/A       100%        4
 Alistair's Intoxication  Tmut/Pois      0%         N/A       100%        5
 Blade Hands              Tmut           0%         N/A       100%        5
 Borgnjor's Vile Clutch   Necr/Erth      0%         N/A       100%        5
 Irradiate                Conj/Tmut      0%         3d14      100%        5
 Iskenderun's Battlesphe  Conj           0%         2d6       100%        5
 Metabolic Englaciation   Hex/Ice        0%         N/A       100%        5
 Summon Mana Viper        Hex/Summ       0%         N/A       100%        5
 Yara's Violent Unravell  Hex/Tmut       0%         3d3       100%        5
 Eringya's Noxious Bog    Tmut/Pois      0%         N/A       100%        6
 Iron Shot                Conj/Erth      0%         9d1       100%        6
 Statue Form              Tmut/Erth      0%         N/A       100%        6
 Dragon Form              Tmut           0%         N/A       100%        7
 Monstrous Menagerie      Summ           0%         N/A       100%        7
 Spellforged Servitor     Conj/Summ      0%         N/A       100%        7
 Storm Form               Tmut/Air       0%         N/A       100%        7
 Discord                  Hex            0%         N/A       100%        8
 Maxwell's Capacitive Co  Air            0%         ∞         100%        8


Dungeon Overview and Level Annotations

Branches:
Dungeon (14/15)            Temple (0/1) D:6            Lair (0/6) D:10
    Orc (0/2) D:12         Vaults (0/5) D:14          Sewer (visited)
Ossuary (visited)          Bailey (visited)

Altars:
Cheibriados
Dithmenos
Elyvilon
Fedhas
Gozag
Makhleb
Nemelex Xobeh
Qazlal
Ru
Sif Muna
Vehumet
Wu Jian
Yredelemnul

Shops:
D:6 *   D:11 (

Annotations:
D:10 1 transporter
D:11 1 runed translucent door, poulshu's ghost, journeyman MiAK
D:14 1 runed translucent door


Innate Abilities, Weirdness & Mutations

You are resistant to damage.
You can heal yourself by infusing magical energy.
You passively map the area around you.
You do not regenerate.


Message History

The titanic slime creature is severely wounded.
You slice the titanic slime creature!!
The titanic slime creature is severely wounded.
You completely miss the titanic slime creature.
The titanic slime creature is severely wounded.
The titanic slime creature closely misses you.
You slash the titanic slime creature!
The titanic slime creature is severely wounded.
The titanic slime creature completely misses you.
You slice the titanic slime creature!!
The titanic slime creature is almost dead.
The titanic slime creature completely misses you.
A slime creature comes into view.
You slash the titanic slime creature!
The titanic slime creature is almost dead.
The titanic slime creature hits you!
Two slime creatures merge to form a large slime creature.
You slash the titanic slime creature!
You feel better.
The titanic slime creature is almost dead.
You block the titanic slime creature's attack.
You hit the titanic slime creature.
The titanic slime creature is almost dead.
The titanic slime creature hits you!!!
Ouch! That really hurt!
A large slime creature splits.
There is an open door here.
There is a stone staircase leading up here.
You block the titanic slime creature's attack.
You climb upwards.
There is a stone staircase leading down here.
Aiming: Corrosive Bolt
Press: ? - help, Shift-Dir - straight line, f - titanic slime creature
Aim: a titanic slime creature (almost dead, 94% to hit)
The bolt of acid hits the titanic slime creature!
The titanic slime creature is splashed with acid.
The acid corrodes the titanic slime creature!
The titanic slime creature is almost dead.
The titanic slime creature hits you!!!!
Ouch! That really hurt!
You die...

#........############.......
#...................#.....#'
#...................#...###.
#...................#####...
#...........................
#.............#########.....
###.............#.......#.....
#...............'.......#.....
#.........>.J@..#.......#.....
#.#######.......#.......#.....
#.#.....#.......###'#####.....
#.#.....#.....................
#.#.....#....########.........
####.#.....#....#......#.......##
.....#.....#....+......#.......#.
.....#.....##...#......'.......#.
.....#......#...#......##......#.


You could see a titanic slime creature (corroded).

Vanquished Creatures
  Azrael (D:13)
  Josephine (D:14)
  2 hydras
  4 centaur warriors
  A boulder beetle (D:12)
  Erolcha (D:10)
  4 two-headed ogres
  A tengu warrior (D:14)
  A shadow wraith (D:14)
  4 skeletal warriors
  A lindwurm (D:14)
  2 deep elf pyromancers
  Pikel (D:9)
  A necromancer (D:14)
  2 ugly things (D:12)
  2 cyclopes
  4 manticores
  2 gargoyles
  Joseph (D:10)
  Psyche (D:8)
  Maggie (D:8)
  2 kobold demonologists (Bailey)
  A yaktaur (D:11)
  2 tengu conjurers (D:13)
  An efreet (D:14)
  5 trolls
  6 meliai
  A hornet (D:9)
  2 slime creatures (D:13)
  Prince Ribbit (D:8)
  2 shadows
  13 yaks
  10 wraiths
  A basilisk (D:12)
  4 fire elementals (D:13)
  3 steam dragons
  A vampire mosquito (D:11)
  2 hell hounds (D:13)
  2 acid dragons
  7 water moccasins
  A hornet zombie (D:7)
  4 ice beasts
  17 orc warriors
  4 sky beasts
  2 necrophages (D:5)
  2 ogres (D:6)
  8 centaurs
  4 lemures (D:9)
  4 kobold brigands
  4 bullfrogs
  16 scorpions
  A wyvern zombie (D:9)
  A water moccasin zombie (D:6)
  5 wights (D:6)
  3 electric eels (Bailey)
  10 howler monkeys
  4 human zombies (Ossuary)
  2 jellies
  10 centaur zombies
  6 hounds
  Crazy Yiuf (D:5)
  A bullfrog skeleton (D:6)
  2 centaur skeletons
  8 orc priests
  4 scorpion zombies (Ossuary)
  Terence (D:3)
  3 iguanas
  9 orc wizards
  A killer bee zombie (D:5)
  A hound skeleton (D:5)
  4 mummies
  5 howler monkey zombies
  10 gnolls
  12 adders
  A river rat (D:3)
  3 white imps
  An ufetubus (D:6)
  4 adder skeletons
  10 worms
  2 dart slugs
  40 orcs
  12 ball pythons
  8 endoplasms
  5 giant cockroaches
  4 gnoll zombies (Ossuary)
  18 goblins
  14 hobgoblins
  6 jackals
  13 kobolds
  8 quokkas
  16 bats
  5 frilled lizards
  A goblin zombie (Ossuary)
  A kobold zombie (Ossuary)
  3 orc zombies (Ossuary)
  3 rats
452 creatures vanquished.

Vanquished Creatures (others)
  A fungus (D:1)
  13 plants
14 creatures vanquished.

Grand Total: 466 creatures vanquished

Notes
Turn   | Place    | Note
-------+----------+-------------------------------------------
     0 | D:1      | jlumianski the Deep Dwarf Fighter began the quest for the
                  | Orb.
     0 | D:1      | Reached XP level 1. HP: 20/20 MP: 1/1
    27 | D:1      | Found a faded altar of an unknown god.
   133 | D:1      | Reached XP level 2. HP: 20/27 MP: 2/2
   435 | D:1      | Reached XP level 3. HP: 30/34 MP: 3/3
   455 | D:1      | Reached skill level 3 in Axes
  1291 | D:2      | Reached skill level 1 in Dodging
  1457 | D:3      | Found a glowing drain.
  1470 | D:3      | Reached XP level 4. HP: 22/42 MP: 4/4
  1486 | Sewer    | Entered a sewer
  2069 | D:3      | Found a burning altar of Makhleb.
  2081 | D:3      | Became a worshipper of Makhleb the Destroyer
  2123 | D:3      | Reached XP level 5. HP: 29/49 MP: 5/5
  2195 | D:3      | Noticed Terence
  2201 | D:3      | Killed Terence
  2202 | D:3      | Reached skill level 4 in Axes
  2709 | D:4      | Found a sacrificial altar of Ru.
  2728 | D:4      | Reached * piety under Makhleb
  2741 | D:4      | Reached XP level 6. HP: 51/56 MP: 6/6
  2823 | D:4      | Reached skill level 5 in Axes
  2848 | D:4      | Reached skill level 1 in Stealth
  2855 | D:4      | Reached XP level 7. HP: 32/62 MP: 6/6
  2870 | D:4      | Identified the +2 helmet of Fuocw {rElec rF+ Dex+4}
  2877 | D:4      | Found a blossoming altar of Fedhas.
  2881 | D:4      | Found a radiant altar of Vehumet.
  3032 | D:4      | Found an opulent altar of Gozag.
  3156 | D:5      | Entered Level 5 of the Dungeon
  3181 | D:4      | Reached skill level 6 in Axes
  3181 | D:4      | Reached skill level 5 in Armour
  3411 | D:5      | Reached skill level 5 in Shields
  3411 | D:5      | Reached XP level 8. HP: 40/72 MP: 7/7
  3415 | D:5      | Found a shadowy altar of Dithmenos.
  3507 | D:5      | Reached skill level 7 in Axes
  3583 | D:5      | Found a runed translucent door.
  3584 | D:5      | Noticed Crazy Yiuf
  3590 | D:5      | Killed Crazy Yiuf
  3590 | D:5      | Reached ** piety under Makhleb
  4070 | D:6      | Found Cigu Gom's Serpentskin Sales.
  4077 | D:6      | Reached skill level 8 in Axes
  4243 | D:6      | Gained mutation: You passively map the area around you.
                  | [Deep Dwarf growth]
  4243 | D:6      | Reached XP level 9. HP: 61/79 MP: 8/8
  4322 | D:6      | Found a stormy altar of Qazlal.
  4391 | D:6      | Found a staircase to the Ecumenical Temple.
  4569 | D:6      | Reached skill level 5 in Fighting
  4580 | D:6      | Reached skill level 9 in Axes
  4703 | D:6      | Noticed a gargoyle
  4726 | D:6      | Killed a gargoyle
  4746 | D:6      | Noticed a two-headed ogre
  4749 | D:6      | Noticed a skeletal warrior
  4797 | D:6      | Killed a skeletal warrior
  4807 | D:6      | Killed a two-headed ogre
  4807 | D:6      | Reached *** piety under Makhleb
  4808 | D:6      | Reached skill level 10 in Axes
  4808 | D:6      | Reached XP level 10. HP: 45/91 MP: 7/7
  4843 | D:6      | Reached skill level 5 in Dodging
  5122 | D:6      | Identified a scroll of acquirement
  5122 | D:6      | Acquired a +3 vampiric broad axe
  5381 | D:7      | Found a sand-covered staircase.
  5388 | Ossuary  | Entered an ossuary
  5512 | Ossuary  | Reached **** piety under Makhleb
  5731 | Ossuary  | Reached skill level 11 in Axes
  6031 | D:7      | Found a sparkling altar of Nemelex Xobeh.
  6210 | D:7      | Noticed a two-headed ogre
  6220 | D:7      | Killed a two-headed ogre
  6221 | D:7      | Reached XP level 11. HP: 99/99 MP: 8/8
  6245 | D:7      | Found a blossoming altar of Fedhas.
  6526 | D:7      | Reached skill level 12 in Axes
  6833 | D:8      | Reached ***** piety under Makhleb
  6973 | D:8      | Reached skill level 1 in Invocations
  6994 | D:8      | Noticed Maggie
  7011 | D:8      | Killed Maggie
  7012 | D:8      | Reached skill level 1 in Evocations
  7063 | D:8      | Identified the +3 spear "Pasmaucw" {antimagic, Int+4}
  7163 | D:8      | Noticed Prince Ribbit
  7195 | D:8      | Killed Prince Ribbit
  7204 | D:8      | Found a flagged portal.
  7237 | Bailey   | Entered a bailey
  7310 | Bailey   | Found an iron altar of Okawaru.
  7317 | Bailey   | Noticed a sixfirhy
  7406 | Bailey   | Acquired the +4 pair of gloves of Curiosity {Will+}
  7768 | Bailey   | Identified the +2 war axe of Awkwardness {freeze, Fragile
                  | rF++ rN++}
  7982 | D:8      | Noticed Psyche
  7997 | D:8      | Killed Psyche
  8243 | D:9      | Noticed Pikel
  8259 | D:9      | Killed Pikel
  8273 | D:9      | Found a large runed translucent door.
  8274 | D:9      | Found a large runed translucent door.
  8281 | D:9      | Noticed a two-headed ogre
  8293 | D:9      | Killed a two-headed ogre
  8411 | D:9      | Found a basalt altar of Yredelemnul.
  8511 | D:9      | Found a snail-covered altar of Cheibriados.
  8849 | D:9      | Found an ornate altar of the Wu Jian Council.
  8888 | D:9      | Reached skill level 13 in Axes
  9056 | D:9      | Found a shimmering blue altar of Sif Muna.
  9067 | D:9      | Found a white marble altar of Elyvilon.
  9107 | D:10     | Entered Level 10 of the Dungeon
  9138 | D:10     | Noticed Joseph
  9142 | D:10     | Found a staircase to the Lair.
  9153 | D:10     | Killed Joseph
  9159 | D:10     | Identified the +6 rapier of the Reaper {flame, Fragile
                  | rPois rF+ Int+4}
  9227 | D:10     | Reached XP level 12. HP: 110/110 MP: 12/12
  9415 | D:10     | Found a transporter.
  9511 | D:10     | Noticed Erolcha
  9516 | D:10     | Killed Erolcha
  9662 | D:10     | You fall into a shaft and drop 3 floors!
  9719 | D:13     | Noticed a centaur warrior
  9738 | D:13     | Reached skill level 5 in Invocations
  9739 | D:13     | Killed a centaur warrior
  9828 | D:12     | Found a staircase to the Orcish Mines.
 10249 | D:11     | Reached ****** piety under Makhleb
 10306 | D:11     | Found Ycesuu's Antique Weapon Boutique.
 10443 | D:11     | Found a runed translucent door.
 10443 | D:11     | Identified the +5 trident of Instinct {vorpal, rC- Dex+6}
 10443 | D:11     | Noticed poulshu's ghost (journeyman MiAK)
 11198 | D:11     | Reached skill level 10 in Shields
 11454 | D:12     | Noticed a boulder beetle
 11475 | D:12     | Killed a boulder beetle
 11476 | D:12     | Reached skill level 14 in Axes
 11787 | D:12     | Reached skill level 1 in Throwing
 11868 | D:13     | Noticed a centaur warrior
 11871 | D:13     | Noticed a centaur warrior
 11922 | D:12     | Killed a centaur warrior
 11954 | D:12     | Killed a centaur warrior
 12056 | D:13     | Noticed a four-headed hydra
 12067 | D:13     | Killed a one-headed hydra
 12068 | D:13     | Reached XP level 13. HP: 40/118 MP: 15/15
 12206 | D:13     | Noticed Azrael
 12232 | D:13     | Killed Azrael
 12784 | D:14     | Found a runed translucent door.
 12785 | D:14     | Noticed a fire giant
 12785 | D:14     | Noticed a tengu reaver
 13000 | D:14     | Noticed Josephine
 13019 | D:14     | Killed Josephine
 13109 | D:14     | Reached skill level 15 in Axes
 13130 | D:14     | Found a gate to the Vaults.
 13373 | D:13     | Annihilated by a titanic slime creature

Illustrated notes

Levels and vault maps discovered:
D:1:      dpeg_arrival_fog, layout_rooms, shapermc_ecumenical_altar_ellora,
          minmay_misc_feat_four_crosses
D:2:      layout_basic
D:3:      layout_basic, lemuel_round_altar, portal_sewer_entry_b, uniq_terence
D:4:      layout_gridville, kennysheep_mini_moat,
          mainiacjoe_overflow_catwalk_spiral,
          nicolae_ru_great_annihilating_truth, st_stairs_4
D:5:      layout_loops_ring, mainiacjoe_overflow_small_starburst,
          uniq_crazy_yiuf_cottage
D:6:      cheibrodos_fzero, layout_basic, nicolae_qazlal_eye_of_the_storm,
          temple_statues, guppyfry_shop_venom
D:7:      minmay_the_grid_octo_triangle [minmay_the_grid_octo_checkered,
          minmay_the_grid_octo_prize_star,
          minmay_the_grid_octo_vomiting_pacman], layout_gridville,
          nemelex_xobeh_ov_fountains_minmay, gup_ossuary_entry_pyramid
D:8:      layout_gridville, lightli_bailey_entry_fortress,
          kennysheep_flooded_box, minivault_24, uniq_psyche, uniq_maggie,
          uniq_prince_ribbit1
D:9:      layout_irregular_city, nicolae_yredelemnul_corpse_copse,
          nzn_wu_jian_council_hall, jmf_multi_god_temple2,
          kennysheep_slug_shrine, serial_bayou_crossing, uniq_pikel
D:10:     gammafunk_cloud_chamber, layout_loops_ring, lair_entry_dummy,
          uniq_joseph, uniq_erolcha
D:11:     layout_loops_ring, serial_shops, nicolae_inconvenience_store,
          ebering_ghost_funeral_grove, grunt_tough_drop
D:12:     layout_grid_maze, david_orc_3
D:13:     layout_irregular_city, uniq_azrael
D:14:     layout_stronghold, david_vaults_4, minivault_27, drop_trap,
          minmay_hidden_floor, uniq_josephine

Skill      XL: |  1  2  3  4  5  6  7  8  9 10 11 12 13 |
---------------+----------------------------------------+-----
Fighting       | 3 4 5 6 7 8 9 |  9.1
Axes           | 3 4 5 6 8 10 11 13 14 15 | 15.0
Dodging        | 1 2 3 4 6 7 8 |  8.0
Armour         | 4 5 6 7 8 9 |  9.7
Shields        | 4 5 7 8 9 10 11 | 11.0
Stealth        | 1 2 3 |  3.4
Invocations    | 4 7 9 |  9.4
Evocations     | 1 |  1.0
Throwing       | 1 |  1.4
Short Blades   | |  0.5

Action                   |  1- 3 |  4- 6 |  7- 9 | 10-12 | 13-15 || total
-------------------------+-------+-------+-------+-------+-------++-------
Melee: War axe           |   111 |   150 |   221 |    42 |       ||   524
       Dagger            |       |     2 |       |       |       ||     2
       Broad axe         |       |       |       |   798 |   188 ||   986
       Hand axe          |       |       |       |     7 |       ||     7
       Quick blade       |       |       |       |       |     4 ||     4
Throw: Stone             |     3 |       |       |       |       ||     3
       Dart              |       |       |       |    12 |       ||    12
       Boomerang         |       |       |       |    11 |     6 ||    17
Invok: Lesser Servant of |       |       |       |       |     1 ||     1
 Abil: Heal Wounds       |       |     3 |    12 |       |     7 ||    22
Evoke: Wand              |       |       |     2 |     2 |     2 ||     6
  Use: Potion            |     2 |     2 |     2 |     5 |       ||    11
       Scroll            |     1 |     4 |     5 |     8 |     2 ||    20
 Stab: Paralysed         |       |     2 |       |       |       ||     2
Armor: Scale mail        |    52 |   115 |    66 |   259 |   119 ||   611
Dodge: Dodged            |    52 |   110 |    98 |   462 |   110 ||   832
Block: Kite shield       |    66 |   143 |   135 |   547 |   152 ||  1043
